Blues vs Islanders
Created - January 20, 2022 at 19:03
Goals
|
| Blues |
0 |
1 |
1 |
2 |
| Islanders |
1 |
1 |
3 |
5 |
|
Shots
|
| Blues |
8 |
13 |
7 |
28 |
| Islanders |
10 |
11 |
10 |
31 |
|
1st period
1. Islanders , Frans Nielsen 5 (Craig Smith 11, Ryan Ellis 18) at 15:11
Penalties :
Filip Forsberg (Stl) for Cross-checking (Minor) at 8:17, David Perron (Stl) for Tripping (Minor) at 15:52, Riley Sheahan (Stl) for Hooking (Minor) at 19:53
2nd period
2. Islanders , Vladimir Tarasenko 15 (Evander Kane 22) at 6:42
3. Blues , Auston Matthews 2 (Ladislav Smid 5, Riley Sheahan 13) at 7:51
Penalties :
Joe Thornton (NyI) for Slashing (Minor) at 1:07
3rd period
4. Islanders , Vladimir Tarasenko 16 (Joe Thornton 13) at 0:14 (PP)
5. Blues , Filip Forsberg 8 (Alex Pietrangelo 16, Tyler Johnson 15) at 7:29
6. Islanders , Jay Bouwmeester 2 (Vladimir Tarasenko 10, Evander Kane 23) at 11:54 (SH)
7. Islanders , Ryan Ellis 4 (Frans Nielsen 13, Craig Smith 12) at 16:16 (PP)
Penalties :
Joonas Korpisalo (Stl) for Slashing (Minor) at 0:12 - Filip Forsberg served the penalty, Alex Pietrangelo (Stl) for High sticking (Minor) at 0:17, Alex Pietrangelo (Stl) for Interference (Minor) at 7:48, Marc-Édouard Vlasic (NyI) for Interference (Minor) at 11:24, Ryan Murray (Stl) for Tripping (Minor) at 15:38, Frans Nielsen (NyI) for Roughing (Minor) at 18:32
Goalie Stats
Joonas Korpisalo (Stl), 26 saves from 31 shots - (0.839), L, 1-1-0, 60:00 minutes
Jonathan Quick (NyI), 26 saves from 28 shots - (0.929), W, 11-3-3, 60:00 minutes
Players Stats for Blues
Player Name G A P +/- PIM S H SB GA TA FO MP PP MP PK MP
------------------------------------------------------------------------------------
Alex Pietrangelo 0 1 1 -1 4 4 3 1 0 1 0/0 23:17 3:04 0:38
Anthony Mantha 0 0 0 0 0 1 0 1 0 0 1/3 11:29 0:08 0:00
Auston Matthews 1 0 1 1 0 1 0 0 0 0 3/7 8:32 0:00 0:00
Brandon Montour 0 0 0 1 0 0 0 2 0 0 0/0 12:59 1:36 0:00
Cody Ceci 0 0 0 -1 0 0 0 1 0 0 0/0 22:01 0:00 6:35
David Perron 0 0 0 1 2 0 3 0 0 0 0/1 15:38 1:52 0:53
Devin Shore 0 0 0 0 0 1 0 0 0 0 1/4 10:10 1:52 0:03
Drew Shore 0 0 0 0 0 1 2 1 0 0 8/16 14:20 0:00 5:45
Filip Forsberg 1 0 1 -2 2 4 2 1 0 1 1/1 19:28 2:46 0:00
Jacob Slavin 0 0 0 -2 0 0 2 1 0 0 0/0 20:13 3:04 3:15
Jujhar Khaira 0 0 0 0 0 1 0 0 0 0 0/1 8:55 0:00 1:18
Ladislav Smid 0 1 1 1 0 0 0 1 0 2 0/0 14:09 0:00 3:15
Linus Omark 0 0 0 0 0 4 0 1 0 0 0/0 7:51 0:00 0:00
Nicklas Backstrom 0 0 0 -2 0 2 1 1 1 1 18/33 18:50 2:42 0:00
Patrick Kaleta 0 0 0 0 0 0 0 1 1 0 0/0 10:41 0:00 2:54
Riley Sheahan 0 1 1 1 2 0 3 1 0 0 0/2 17:49 1:58 2:51
Ryan Murray 0 0 0 0 2 1 0 0 1 1 0/0 28:03 1:36 5:57
Tyler Johnson 0 1 1 -2 0 8 0 0 0 0 2/3 24:54 2:42 5:56
Players Stats for Islanders
Player Name G A P +/- PIM S H SB GA TA FO MP PP MP PK MP
------------------------------------------------------------------------------------
Andrew Shaw 0 0 0 0 0 1 0 2 0 0 0/0 7:16 0:00 0:00
Brian Ferlin 0 0 0 0 0 0 1 0 0 1 0/0 9:16 0:00 0:00
Connor Murphy 0 0 0 1 0 2 1 1 0 0 0/0 11:44 0:00 0:48
Craig Smith 0 2 2 0 0 3 1 0 1 1 0/0 16:48 4:13 0:00
Evander Kane 0 2 2 1 0 3 0 0 2 1 2/5 24:34 5:37 3:03
Frans Nielsen 1 1 2 0 2 3 2 0 0 0 6/15 17:13 4:13 0:26
Jay Bouwmeester 1 0 1 1 0 3 2 4 1 0 0/0 30:09 6:28 2:32
Joe Thornton 0 1 1 0 2 0 2 0 0 0 18/33 21:50 5:36 0:39
Justin Falk 0 0 0 1 0 0 0 1 0 0 0/0 10:33 0:00 0:00
Marc-Édouard Vlasic 0 0 0 -1 2 1 1 2 0 0 0/0 18:09 3:22 1:20
Michael Latta 0 0 0 0 0 0 1 0 0 0 4/6 7:23 0:00 0:07
Paul Stastny 0 0 0 0 0 1 0 0 0 0 2/4 9:36 0:00 0:00
Pierre-Edouard Bellemare 0 0 0 0 0 2 1 1 0 0 0/0 16:48 4:13 0:00
Ryan Ellis 1 1 2 1 0 4 4 0 1 0 0/0 30:09 6:28 2:32
Sergei Plotnikov 0 0 0 0 0 3 0 0 0 0 2/2 8:45 0:00 1:20
Tomas Kundratek 0 0 0 -1 0 0 0 0 0 0 0/0 19:18 3:22 2:08
Vladimir Tarasenko 2 1 3 1 0 4 0 1 1 0 3/6 24:34 5:37 3:03
Zac Rinaldo 0 0 0 0 0 1 3 0 0 0 0/0 10:27 0:00 0:42
3 Stars
1 - Vladimir Tarasenko (NyI)
2 - Ryan Ellis (NyI)
3 - Jay Bouwmeester (NyI)
Power Play
Blues - 0 on 3 Attempt(s) - 0.00%
Islanders - 2 on 7 Attempt(s) - 28.57%
Penalty Kill
Blues - 5 on 7 Attempt(s) - 71.43%
- Score 0 goal in Penalty Kill
Islanders - 3 on 3 Attempt(s) - 100.00%
- Score 1 goal in Penalty Kill
Team Stat
Blues - Hits : 16 - Faceoff Wins : 34 - Blocked Shots : 13 - Penalty Minutes : 14
Islanders - Hits : 19 - Faceoff Wins : 37 - Blocked Shots : 12 - Penalty Minutes : 6
Official
Referees : Frederick L'Ecuyer and Dan Kelly
Linesman : Steve Barton and David Brisebois
Game Notes
Auston Matthews is injured at 16:27 of 2nd period (Right Leg)
Finance
Level 1 -- Attendance: 5640 (94.00%) -- Ticket Income $564,000
Level 2 -- Attendance: 5000 (100.00%) -- Ticket Income $300,000
Level 3 -- Attendance: 1876 (93.80%) -- Ticket Income $65,660
Level 4 -- Attendance: 4000 (100.00%) -- Ticket Income $100,000
Luxury Box -- Attendance: 1000 (100.00%) -- Ticket Income $200,000
Game was played at the Nassau Coliseum.
Total Attendance: 17516 (97.31%)
Total Ticket Income: $1,229,660
Other Income: $184,449
Total Income: $1,414,109
Blues
5 vs 5 Forward
Center Left Wing Right Wing Time % Phy DF OF
1 Nicklas Backstrom Filip Forsberg Tyler Johnson 40 1 2 2
2 Auston Matthews David Perron Riley Sheahan 30 1 2 2
3 Drew Shore Linus Omark Anthony Mantha 20 1 2 2
4 Devin Shore Jujhar Khaira Patrick Kaleta 10 1 2 2
5 vs 5 Defense
Defense Defense Time % Phy DF OF
1 Alex Pietrangelo Ryan Murray 40 1 2 2
2 Jacob Slavin Cody Ceci 30 1 2 2
3 Brandon Montour Ladislav Smid 20 1 2 2
4 Ryan Murray Alex Pietrangelo 10 1 2 2
PowerPlay Forward
Center Left Wing Right Wing Time % Phy DF OF
1 Nicklas Backstrom Filip Forsberg Tyler Johnson 60 1 2 2
2 Devin Shore David Perron Riley Sheahan 40 1 2 2
PowerPlay Defense
Defense Defense Time % Phy DF OF
1 Alex Pietrangelo Jacob Slavin 60 1 2 2
2 Brandon Montour Ryan Murray 40 1 2 2
Penalty Kill 4 Players Forward
Center Wing Time % Phy DF OF
1 Drew Shore Tyler Johnson 60 1 2 2
2 Riley Sheahan Patrick Kaleta 40 1 2 2
Penalty Kill 4 Players Defense
Defense Defense Time % Phy DF OF
1 Cody Ceci Ryan Murray 60 1 2 2
2 Ladislav Smid Jacob Slavin 40 1 2 2
Penalty Kill - 3 Players Forward
Forward Time % Phy DF OF
1 Riley Sheahan 60 1 2 2
2 Drew Shore 40 1 2 2
Penalty Kill - 3 Players Defense
Defense Defense Time % Phy DF OF
1 Cody Ceci Ladislav Smid 60 1 2 2
2 Ryan Murray Jacob Slavin 40 1 2 2
4 vs 4 Forward
Center Wing Time % Phy DF OF
1 Nicklas Backstrom Filip Forsberg 60 1 2 2
2 Drew Shore Tyler Johnson 40 1 2 2
4 vs 4 Defense
Defense Defense Time % Phy DF OF
1 Alex Pietrangelo Cody Ceci 60 1 2 2
2 Brandon Montour Ryan Murray 40 1 2 2
Last Minutes Offensive
Center Left Wing Right Wing Defense Defense
Nicklas Backstrom Filip Forsberg Tyler Johnson Alex Pietrangelo Ryan Murray
Last Minutes Defensive
Center Left Wing Right Wing Defense Defense
Drew Shore David Perron Tyler Johnson Cody Ceci Ladislav Smid
Goaltenders
Starting : Joonas Korpisalo
Backup : Carey Price
Extra Forwards
Normal : Anthony Mantha, Auston Matthews, Filip Forsberg - PP : Anthony Mantha, Devin Shore - PK : Jujhar Khaira
Extra Defensemen
Normal : Jacob Slavin, Brandon Montour, Ladislav Smid - PP : Brandon Montour - PK : Alex Pietrangelo, Brandon Montour
Penalty Shots
David Perron, Auston Matthews, Devin Shore, Filip Forsberg, Tyler Johnson
Scratches
Eric Nystrom (Healthy), Peter Regin (Healthy)
Islanders
5 vs 5 Forward
Center Left Wing Right Wing Time % Phy DF OF
1 Joe Thornton Evander Kane Vladimir Tarasenko 40 1 2 2
2 Frans Nielsen Pierre-Edouard Bellemare Craig Smith 30 1 2 2
3 Paul Stastny Zac Rinaldo Brian Ferlin 20 1 2 2
4 Michael Latta Sergei Plotnikov Andrew Shaw 10 1 2 2
5 vs 5 Defense
Defense Defense Time % Phy DF OF
1 Ryan Ellis Jay Bouwmeester 40 1 2 2
2 Tomas Kundratek Marc-Édouard Vlasic 30 1 2 2
3 Justin Falk Connor Murphy 20 1 2 2
4 Ryan Ellis Jay Bouwmeester 10 1 2 2
PowerPlay Forward
Center Left Wing Right Wing Time % Phy DF OF
1 Joe Thornton Evander Kane Vladimir Tarasenko 60 1 2 2
2 Frans Nielsen Pierre-Edouard Bellemare Craig Smith 40 1 2 2
PowerPlay Defense
Defense Defense Time % Phy DF OF
1 Ryan Ellis Jay Bouwmeester 60 1 2 2
2 Tomas Kundratek Marc-Édouard Vlasic 40 1 2 2
Penalty Kill 4 Players Forward
Center Wing Time % Phy DF OF
1 Vladimir Tarasenko Evander Kane 60 1 2 2
2 Joe Thornton Frans Nielsen 40 1 2 2
Penalty Kill 4 Players Defense
Defense Defense Time % Phy DF OF
1 Ryan Ellis Jay Bouwmeester 60 1 2 2
2 Tomas Kundratek Marc-Édouard Vlasic 40 1 2 2
Penalty Kill - 3 Players Forward
Forward Time % Phy DF OF
1 Vladimir Tarasenko 60 1 2 2
2 Evander Kane 40 1 2 2
Penalty Kill - 3 Players Defense
Defense Defense Time % Phy DF OF
1 Ryan Ellis Jay Bouwmeester 60 1 2 2
2 Tomas Kundratek Marc-Édouard Vlasic 40 1 2 2
4 vs 4 Forward
Center Wing Time % Phy DF OF
1 Vladimir Tarasenko Evander Kane 60 1 2 2
2 Joe Thornton Frans Nielsen 40 1 2 2
4 vs 4 Defense
Defense Defense Time % Phy DF OF
1 Ryan Ellis Jay Bouwmeester 60 1 2 2
2 Tomas Kundratek Marc-Édouard Vlasic 40 1 2 2
Last Minutes Offensive
Center Left Wing Right Wing Defense Defense
Joe Thornton Evander Kane Vladimir Tarasenko Ryan Ellis Jay Bouwmeester
Last Minutes Defensive
Center Left Wing Right Wing Defense Defense
Joe Thornton Evander Kane Vladimir Tarasenko Ryan Ellis Jay Bouwmeester
Goaltenders
Starting : Jonathan Quick
Backup : Julien Ellis
Extra Forwards
Normal : Paul Stastny, Zac Rinaldo, Sergei Plotnikov - PP : Paul Stastny, Zac Rinaldo - PK : Sergei Plotnikov
Extra Defensemen
Normal : Justin Falk, Connor Murphy, Tomas Kundratek - PP : Justin Falk - PK : Connor Murphy, Tomas Kundratek
Penalty Shots
Vladimir Tarasenko, Evander Kane, Joe Thornton, Frans Nielsen, Paul Stastny
Scratches
Carl Klingberg (Healthy), Fedor Tyutin (Abdominal Strain Injury), Jiri Hudler (Healthy)
% Time on Ice - Blues
Lines # - Real PCT - Wanted PCT - Time Play
Normal Forward
1 - 36% - 40% - 16:16
2 - 29% - 30% - 13:01
3 - 18% - 20% - 7:51
4 - 17% - 10% - 7:37
Normal Defense
1 - 41% - 40% - 18:13
2 - 33% - 30% - 14:53
3 - 23% - 20% - 10:14
4 - 3% - 10% - 1:25
PP Forward
1 - 60% - 60% - 2:48
2 - 40% - 40% - 1:52
PP Defense
1 - 66% - 60% - 3:04
2 - 34% - 40% - 1:36
PK Forward
1 - 71% - 60% - 6:56
2 - 29% - 40% - 2:54
PK Defense
1 - 67% - 60% - 6:35
2 - 33% - 40% - 3:15
PK3 Forward
1 - 0% - 60%
2 - 0% - 40%
PK3 Defense
1 - 0% - 60%
2 - 0% - 40%
44 Forward
1 - 100% - 60% - 0:45
2 - 0% - 40% - 0:00
44 Defense
1 - 78% - 60% - 0:35
2 - 22% - 40% - 0:10
Last Minute Offensive - 0:00
Last Minute Defensive - 0:00
Total
Forward - 60:00
Defense - 60:00
|
% Time on Ice - Islanders
Lines # - Real PCT - Wanted PCT - Time Play
Normal Forward
1 - 35% - 40% - 15:38
2 - 28% - 30% - 12:35
3 - 21% - 20% - 9:16
4 - 16% - 10% - 7:16
Normal Defense
1 - 43% - 40% - 19:14
2 - 29% - 30% - 13:11
3 - 24% - 20% - 10:33
4 - 4% - 10% - 1:47
PP Forward
1 - 57% - 60% - 5:37
2 - 43% - 40% - 4:13
PP Defense
1 - 66% - 60% - 6:28
2 - 34% - 40% - 3:22
PK Forward
1 - 80% - 60% - 3:45
2 - 20% - 40% - 0:55
PK Defense
1 - 54% - 60% - 2:32
2 - 46% - 40% - 2:08
PK3 Forward
1 - 0% - 60%
2 - 0% - 40%
PK3 Defense
1 - 0% - 60%
2 - 0% - 40%
44 Forward
1 - 100% - 60% - 0:45
2 - 0% - 40% - 0:00
44 Defense
1 - 18% - 60% - 0:08
2 - 82% - 40% - 0:37
Last Minute Offensive - 0:00
Last Minute Defensive - 0:00
Total
Forward - 60:00
Defense - 60:00
|
Play-by-Play
1st period
0:01 of 1st period - Nicklas Backstrom wins face-off versus Joe Thornton in neutral zone.
0:12 of 1st period - Snap shot by Filip Forsberg.
0:12 of 1st period - Shot Blocked by Vladimir Tarasenko.
0:16 of 1st period - Slapshot by Alex Pietrangelo.
0:16 of 1st period - Shot Hit the Post.
0:34 of 1st period - Slapshot by Ryan Ellis.
0:34 of 1st period - Stopped by Joonas Korpisalo with a rebound.
0:50 of 1st period - Backhand shot by Jay Bouwmeester.
0:50 of 1st period - Stopped by Joonas Korpisalo with a rebound.
0:58 of 1st period - Backhand shot by Linus Omark.
0:58 of 1st period - Stopped by Jonathan Quick with a rebound.
1:00 of 1st period - Snap shot by Anthony Mantha.
1:00 of 1st period - Shot Misses the Net.
1:58 of 1st period - Snap shot by Linus Omark.
1:58 of 1st period - Stopped by Jonathan Quick without a rebound.
1:59 of 1st period - Paul Stastny wins face-off versus Drew Shore in Islanders zone.
1:59 of 1st period - Paul Stastny is hit by Drew Shore.
2:10 of 1st period - Snap shot by Zac Rinaldo.
2:10 of 1st period - Shot Misses the Net.
2:12 of 1st period - Slapshot by Marc-Édouard Vlasic.
2:12 of 1st period - Shot Misses the Net.
2:52 of 1st period - Craig Smith is hit by Jacob Slavin and loses puck.
4:03 of 1st period - Snap shot by Joe Thornton.
4:03 of 1st period - Shot Misses the Net.
5:25 of 1st period - Wrist shot by Evander Kane.
5:25 of 1st period - Deflect By Alex Pietrangelo.
5:25 of 1st period - Shot Blocked by Drew Shore.
5:25 of 1st period - Puck is out of play.
5:26 of 1st period - Drew Shore wins face-off versus Joe Thornton in Blues zone.
5:42 of 1st period - Wrist shot by Evander Kane.
5:42 of 1st period - Stopped by Joonas Korpisalo with a rebound.
6:06 of 1st period - Alex Pietrangelo is hit by Frans Nielsen and loses puck.
6:27 of 1st period - Alex Pietrangelo is hit by Brian Ferlin and loses puck.
6:58 of 1st period - Snap shot by Tyler Johnson.
6:58 of 1st period - Stopped by Jonathan Quick without a rebound.
6:59 of 1st period - Nicklas Backstrom wins face-off versus Joe Thornton in Islanders zone.
7:56 of 1st period - Slapshot by Andrew Shaw.
7:56 of 1st period - Stopped by Joonas Korpisalo without a rebound.
7:57 of 1st period - Nicklas Backstrom wins face-off versus Joe Thornton in Blues zone.
8:17 of 1st period - Minor Penalty to Filip Forsberg for Cross-checking.
8:18 of 1st period - Joe Thornton wins face-off versus Drew Shore in Blues zone.
9:26 of 1st period - Snap shot by Jujhar Khaira.
9:26 of 1st period - Shot Misses the Net.
10:17 of 1st period - Penalty to Filip Forsberg is over, Filip Forsberg is back on ice.
10:25 of 1st period - Icing by Ryan Murray.
10:26 of 1st period - Paul Stastny wins face-off versus Auston Matthews in Blues zone.
10:43 of 1st period - Justin Falk is hit by David Perron and loses puck.
11:04 of 1st period - Wrist shot by Sergei Plotnikov.
11:04 of 1st period - Deflect By Andrew Shaw.
11:04 of 1st period - Shot Blocked by Patrick Kaleta.
11:04 of 1st period - Puck is out of play.
11:05 of 1st period - Joe Thornton wins face-off versus Nicklas Backstrom in Blues zone.
11:59 of 1st period - Craig Smith is hit by Riley Sheahan and loses puck.
12:40 of 1st period - Snap shot by Linus Omark.
12:40 of 1st period - Stopped by Jonathan Quick without a rebound.
12:41 of 1st period - Drew Shore wins face-off versus Michael Latta in Islanders zone.
13:04 of 1st period - Icing by Marc-Édouard Vlasic.
13:05 of 1st period - Michael Latta wins face-off versus Devin Shore in Islanders zone.
13:10 of 1st period - Snap shot by Vladimir Tarasenko.
13:10 of 1st period - Stopped by Joonas Korpisalo without a rebound.
13:11 of 1st period - Devin Shore wins face-off versus Joe Thornton in Blues zone.
13:28 of 1st period - Wrist shot by Patrick Kaleta.
13:28 of 1st period - Shot Misses the Net.
13:38 of 1st period - Slapshot by Jujhar Khaira.
13:38 of 1st period - Shot Blocked by Jay Bouwmeester.
13:40 of 1st period - Snap shot by Jujhar Khaira.
13:40 of 1st period - Stopped by Jonathan Quick without a rebound.
13:41 of 1st period - Nicklas Backstrom wins face-off versus Frans Nielsen in Islanders zone.
13:51 of 1st period - Off-side.
13:52 of 1st period - Frans Nielsen wins face-off versus Nicklas Backstrom in neutral zone.
14:19 of 1st period - Vladimir Tarasenko is hit by David Perron and loses puck.
14:44 of 1st period - Tomas Kundratek is hit by Drew Shore and loses puck.
14:53 of 1st period - Slapshot by Alex Pietrangelo.
14:53 of 1st period - Deflect By Anthony Mantha.
14:53 of 1st period - Shot Misses the Net.
14:53 of 1st period - Puck is out of play.
14:54 of 1st period - Nicklas Backstrom wins face-off versus Frans Nielsen in Islanders zone.
15:11 of 1st period - Backhand shot by Craig Smith.
15:11 of 1st period - Deflect By Frans Nielsen.
15:11 of 1st period - Goal by Frans Nielsen - Blues : 0 - Islanders : 1.
15:12 of 1st period - Joe Thornton wins face-off versus Nicklas Backstrom in neutral zone.
15:12 of 1st period - Ryan Ellis is hit by Nicklas Backstrom and loses puck.
15:24 of 1st period - Backhand shot by Nicklas Backstrom.
15:24 of 1st period - Stopped by Jonathan Quick with a rebound.
15:35 of 1st period - Icing by Tyler Johnson.
15:36 of 1st period - Frans Nielsen wins face-off versus Tyler Johnson in Blues zone.
15:41 of 1st period - Slapshot by Frans Nielsen.
15:41 of 1st period - Stopped by Joonas Korpisalo without a rebound.
15:42 of 1st period - Frans Nielsen wins face-off versus David Perron in Blues zone.
15:45 of 1st period - Slapshot by Craig Smith.
15:45 of 1st period - Shot Misses the Net.
15:47 of 1st period - Snap shot by Frans Nielsen.
15:47 of 1st period - Shot Misses the Net.
15:49 of 1st period - Slapshot by Pierre-Edouard Bellemare.
15:49 of 1st period - Stopped by Joonas Korpisalo without a rebound.
15:50 of 1st period - Joe Thornton wins face-off versus Auston Matthews in Blues zone.
15:52 of 1st period - Minor Penalty to David Perron for Tripping.
15:53 of 1st period - Joe Thornton wins face-off versus Drew Shore in Blues zone.
16:40 of 1st period - Icing by Joe Thornton.
16:41 of 1st period - Drew Shore wins face-off versus Joe Thornton in Islanders zone.
17:16 of 1st period - Ryan Murray is hit by Pierre-Edouard Bellemare and loses puck.
17:27 of 1st period - Slapshot by Craig Smith.
17:27 of 1st period - Shot Misses the Net.
17:29 of 1st period - Snap shot by Pierre-Edouard Bellemare.
17:29 of 1st period - Stopped by Joonas Korpisalo with a rebound.
17:31 of 1st period - Slapshot by Marc-Édouard Vlasic.
17:31 of 1st period - Stopped by Joonas Korpisalo without a rebound.
17:32 of 1st period - Vladimir Tarasenko wins face-off versus Riley Sheahan in Blues zone.
17:52 of 1st period - Penalty to David Perron is over, David Perron is back on ice.
18:10 of 1st period - Snap shot by Paul Stastny.
18:10 of 1st period - Shot Misses the Net.
18:26 of 1st period - Snap shot by Jujhar Khaira.
18:26 of 1st period - Shot Misses the Net.
18:28 of 1st period - Snap shot by Ryan Murray.
18:28 of 1st period - Deflect By Devin Shore.
18:28 of 1st period - Stopped by Jonathan Quick with a rebound.
18:30 of 1st period - Wrist shot by Devin Shore.
18:30 of 1st period - Shot Blocked by Andrew Shaw.
18:44 of 1st period - Tyler Johnson is hit by Jay Bouwmeester.
19:29 of 1st period - Slapshot by Alex Pietrangelo.
19:29 of 1st period - Stopped by Jonathan Quick without a rebound.
19:30 of 1st period - Frans Nielsen wins face-off versus Auston Matthews in Islanders zone.
19:53 of 1st period - Minor Penalty to Riley Sheahan for Hooking.
19:54 of 1st period - Joe Thornton wins face-off versus Drew Shore in Blues zone.
Goals for this period are 0 for Blues vs 1 for Islanders.
Shots for this period are 8 for Blues vs 10 for Islanders.
2nd period
0:01 of 2nd period - Drew Shore wins face-off versus Joe Thornton in neutral zone.
0:06 of 2nd period - Snap shot by Tyler Johnson.
0:06 of 2nd period - Stopped by Jonathan Quick without a rebound.
0:07 of 2nd period - Drew Shore wins face-off versus Joe Thornton in Islanders zone.
0:14 of 2nd period - Snap shot by Tyler Johnson.
0:14 of 2nd period - Shot Blocked by Jay Bouwmeester.
0:32 of 2nd period - Snap shot by Tyler Johnson.
0:32 of 2nd period - Stopped by Jonathan Quick with a rebound.
0:34 of 2nd period - Wrist shot by Drew Shore.
0:34 of 2nd period - Stopped by Jonathan Quick with a rebound.
0:53 of 2nd period - Snap shot by Drew Shore.
0:53 of 2nd period - Shot Misses the Net.
0:55 of 2nd period - Slapshot by Ryan Murray.
0:55 of 2nd period - Stopped by Jonathan Quick with a rebound.
1:07 of 2nd period - Minor Penalty to Joe Thornton for Slashing.
1:08 of 2nd period - Vladimir Tarasenko wins face-off versus Nicklas Backstrom in Islanders zone.
1:28 of 2nd period - Nicklas Backstrom is hit by Ryan Ellis and loses puck.
1:53 of 2nd period - Penalty to Riley Sheahan is over, Riley Sheahan is back on ice.
1:56 of 2nd period - Slapshot by Ryan Murray.
1:56 of 2nd period - Shot Misses the Net.
1:58 of 2nd period - Snap shot by Filip Forsberg.
1:58 of 2nd period - Stopped by Jonathan Quick without a rebound.
1:59 of 2nd period - Sergei Plotnikov wins face-off versus Devin Shore in Islanders zone.
2:06 of 2nd period - Alex Pietrangelo is hit by Zac Rinaldo and loses puck.
3:07 of 2nd period - Penalty to Joe Thornton is over, Joe Thornton is back on ice.
3:28 of 2nd period - Snap shot by Jay Bouwmeester.
3:28 of 2nd period - Stopped by Joonas Korpisalo without a rebound.
3:29 of 2nd period - Drew Shore wins face-off versus Frans Nielsen in Blues zone.
3:29 of 2nd period - Drew Shore is hit by Connor Murphy.
3:32 of 2nd period - Icing by Cody Ceci.
3:33 of 2nd period - Drew Shore wins face-off versus Frans Nielsen in Blues zone.
3:33 of 2nd period - Drew Shore is hit by Frans Nielsen.
3:39 of 2nd period - Slapshot by Jacob Slavin.
3:39 of 2nd period - Shot Blocked by Justin Falk.
3:41 of 2nd period - Snap shot by Anthony Mantha.
3:41 of 2nd period - Stopped by Jonathan Quick with a rebound.
3:56 of 2nd period - Icing by Connor Murphy.
3:57 of 2nd period - Auston Matthews wins face-off versus Frans Nielsen in Islanders zone.
4:10 of 2nd period - Snap shot by Filip Forsberg.
4:10 of 2nd period - Shot Blocked by Pierre-Edouard Bellemare.
4:12 of 2nd period - Slapshot by Nicklas Backstrom.
4:12 of 2nd period - Deflect By Tyler Johnson.
4:12 of 2nd period - Stopped by Jonathan Quick without a rebound.
4:13 of 2nd period - Joe Thornton wins face-off versus Riley Sheahan in Islanders zone.
4:39 of 2nd period - Riley Sheahan is hit by Jay Bouwmeester and loses puck.
5:04 of 2nd period - Tomas Kundratek is hit by Alex Pietrangelo and loses puck.
5:49 of 2nd period - Wrist shot by Brian Ferlin.
5:49 of 2nd period - Shot Hit the Post.
5:51 of 2nd period - Slapshot by Ryan Ellis.
5:51 of 2nd period - Stopped by Joonas Korpisalo with a rebound.
5:53 of 2nd period - Snap shot by Paul Stastny.
5:53 of 2nd period - Deflect By Zac Rinaldo.
5:53 of 2nd period - Stopped by Joonas Korpisalo without a rebound.
5:54 of 2nd period - Frans Nielsen wins face-off versus Jujhar Khaira in Blues zone.
6:21 of 2nd period - Cody Ceci is hit by Craig Smith and loses puck.
6:27 of 2nd period - Off-side.
6:28 of 2nd period - Nicklas Backstrom wins face-off versus Joe Thornton in neutral zone.
6:42 of 2nd period - Wrist shot by Vladimir Tarasenko.
6:42 of 2nd period - Goal by Vladimir Tarasenko - Blues : 0 - Islanders : 2.
6:43 of 2nd period - Evander Kane wins face-off versus Nicklas Backstrom in neutral zone.
6:50 of 2nd period - Snap shot by Vladimir Tarasenko.
6:50 of 2nd period - Stopped by Joonas Korpisalo without a rebound.
6:51 of 2nd period - Evander Kane wins face-off versus Nicklas Backstrom in Blues zone.
7:41 of 2nd period - Wrist shot by Vladimir Tarasenko.
7:41 of 2nd period - Deflect By Joe Thornton.
7:41 of 2nd period - Shot Misses the Net.
7:41 of 2nd period - Puck is out of play.
7:42 of 2nd period - Auston Matthews wins face-off versus Frans Nielsen in Blues zone.
7:47 of 2nd period - Snap shot by Riley Sheahan.
7:47 of 2nd period - Shot Misses the Net.
7:49 of 2nd period - Slapshot by Ladislav Smid.
7:49 of 2nd period - Shot Blocked by Marc-Édouard Vlasic.
7:51 of 2nd period - Snap shot by Auston Matthews.
7:51 of 2nd period - Goal by Auston Matthews - Blues : 1 - Islanders : 2.
7:52 of 2nd period - Joe Thornton wins face-off versus Nicklas Backstrom in neutral zone.
8:03 of 2nd period - Snap shot by Tyler Johnson.
8:03 of 2nd period - Stopped by Jonathan Quick with a rebound.
8:48 of 2nd period - Snap shot by Paul Stastny.
8:48 of 2nd period - Shot Misses the Net.
8:54 of 2nd period - Wrist shot by Paul Stastny.
8:54 of 2nd period - Deflect By Brian Ferlin.
8:54 of 2nd period - Shot Misses the Net.
8:54 of 2nd period - Puck is out of play.
8:55 of 2nd period - Nicklas Backstrom wins face-off versus Joe Thornton in Blues zone.
9:54 of 2nd period - Slapshot by Alex Pietrangelo.
9:54 of 2nd period - Shot Misses the Net.
10:00 of 2nd period - Snap shot by Craig Smith.
10:00 of 2nd period - Stopped by Joonas Korpisalo with a rebound.
10:34 of 2nd period - Snap shot by Filip Forsberg.
10:34 of 2nd period - Stopped by Jonathan Quick with a rebound.
11:58 of 2nd period - Linus Omark is hit by Michael Latta and loses puck.
12:18 of 2nd period - Off-side.
12:19 of 2nd period - Frans Nielsen wins face-off versus Nicklas Backstrom in neutral zone.
12:28 of 2nd period - Wrist shot by Frans Nielsen.
12:28 of 2nd period - Stopped by Joonas Korpisalo with a rebound.
12:46 of 2nd period - Riley Sheahan is hit by Joe Thornton and loses puck.
12:57 of 2nd period - Wrist shot by Riley Sheahan.
12:57 of 2nd period - Shot Misses the Net.
13:29 of 2nd period - Snap shot by Sergei Plotnikov.
13:29 of 2nd period - Stopped by Joonas Korpisalo without a rebound.
13:30 of 2nd period - Nicklas Backstrom wins face-off versus Michael Latta in Blues zone.
13:49 of 2nd period - Slapshot by Alex Pietrangelo.
13:49 of 2nd period - Shot Blocked by Andrew Shaw.
13:51 of 2nd period - Slapshot by Alex Pietrangelo.
13:51 of 2nd period - Shot Misses the Net.
13:53 of 2nd period - Wrist shot by Filip Forsberg.
13:53 of 2nd period - Stopped by Jonathan Quick with a rebound.
13:59 of 2nd period - Snap shot by Tyler Johnson.
13:59 of 2nd period - Stopped by Jonathan Quick without a rebound.
14:00 of 2nd period - Joe Thornton wins face-off versus Auston Matthews in Islanders zone.
14:52 of 2nd period - Snap shot by Tyler Johnson.
14:52 of 2nd period - Stopped by Jonathan Quick without a rebound.
14:53 of 2nd period - Nicklas Backstrom wins face-off versus Frans Nielsen in Islanders zone.
15:16 of 2nd period - Snap shot by Craig Smith.
15:16 of 2nd period - Stopped by Joonas Korpisalo without a rebound.
15:17 of 2nd period - Drew Shore wins face-off versus Joe Thornton in Blues zone.
15:22 of 2nd period - Snap shot by Ladislav Smid.
15:22 of 2nd period - Shot Misses the Net.
15:47 of 2nd period - Slapshot by Ryan Ellis.
15:47 of 2nd period - Stopped by Joonas Korpisalo with a rebound.
16:25 of 2nd period - Icing by David Perron.
16:26 of 2nd period - Auston Matthews wins face-off versus Paul Stastny in Blues zone.
16:26 of 2nd period - Auston Matthews is hit by Zac Rinaldo.
16:27 of 2nd period - Auston Matthews from Blues is injured at 16:27 of 2nd period (Right Leg).
16:28 of 2nd period - Joe Thornton wins face-off versus Nicklas Backstrom in Blues zone.
16:40 of 2nd period - Slapshot by Ryan Murray.
16:40 of 2nd period - Shot Blocked by Jay Bouwmeester.
16:42 of 2nd period - Slapshot by Ryan Murray.
16:42 of 2nd period - Shot Misses the Net.
16:56 of 2nd period - Ryan Ellis is hit by David Perron and loses puck.
17:13 of 2nd period - Frans Nielsen is hit by Riley Sheahan.
18:07 of 2nd period - Snap shot by Evander Kane.
18:07 of 2nd period - Shot Misses the Net.
18:09 of 2nd period - Slapshot by Marc-Édouard Vlasic.
18:09 of 2nd period - Shot Misses the Net.
18:15 of 2nd period - Cody Ceci is hit by Joe Thornton and loses puck.
18:36 of 2nd period - Slapshot by Riley Sheahan.
18:36 of 2nd period - Shot Misses the Net.
18:50 of 2nd period - Wrist shot by Jujhar Khaira.
18:50 of 2nd period - Shot Misses the Net.
18:56 of 2nd period - Connor Murphy is hit by Jacob Slavin and loses puck.
19:19 of 2nd period - Icing by Justin Falk.
19:20 of 2nd period - Michael Latta wins face-off versus Anthony Mantha in Islanders zone.
19:43 of 2nd period - Snap shot by Sergei Plotnikov.
19:43 of 2nd period - Stopped by Joonas Korpisalo without a rebound.
19:44 of 2nd period - Nicklas Backstrom wins face-off versus Joe Thornton in Blues zone.
19:57 of 2nd period - Tomas Kundratek is hit by Filip Forsberg and loses puck.
Goals for this period are 1 for Blues vs 1 for Islanders.
Shots for this period are 13 for Blues vs 11 for Islanders.
3rd period
0:01 of 3rd period - Joe Thornton wins face-off versus Nicklas Backstrom in neutral zone.
0:12 of 3rd period - Slapshot by Evander Kane.
0:12 of 3rd period - Stopped by Joonas Korpisalo without a rebound.
0:12 of 3rd period - Minor Penalty to Joonas Korpisalo for Slashing.
0:13 of 3rd period - Joe Thornton wins face-off versus Drew Shore in Blues zone.
0:14 of 3rd period - Wrist shot by Vladimir Tarasenko.
0:14 of 3rd period - Goal by Vladimir Tarasenko - Blues : 1 - Islanders : 3.
0:15 of 3rd period - Nicklas Backstrom wins face-off versus Joe Thornton in neutral zone.
0:17 of 3rd period - Minor Penalty to Alex Pietrangelo for High sticking.
0:18 of 3rd period - Joe Thornton wins face-off versus Drew Shore in Blues zone.
2:17 of 3rd period - Penalty to Alex Pietrangelo is over, Alex Pietrangelo is back on ice.
2:32 of 3rd period - Slapshot by Connor Murphy.
2:32 of 3rd period - Stopped by Joonas Korpisalo with a rebound.
2:34 of 3rd period - Wrist shot by Paul Stastny.
2:34 of 3rd period - Shot Blocked by Cody Ceci.
2:36 of 3rd period - Slapshot by Connor Murphy.
2:36 of 3rd period - Stopped by Joonas Korpisalo without a rebound.
2:37 of 3rd period - Michael Latta wins face-off versus Nicklas Backstrom in Blues zone.
3:00 of 3rd period - Snap shot by Paul Stastny.
3:00 of 3rd period - Shot Misses the Net.
3:24 of 3rd period - Wrist shot by Drew Shore.
3:24 of 3rd period - Shot Blocked by Connor Murphy.
3:28 of 3rd period - Snap shot by Linus Omark.
3:28 of 3rd period - Stopped by Jonathan Quick with a rebound.
3:30 of 3rd period - Snap shot by Drew Shore.
3:30 of 3rd period - Deflect By Justin Falk.
3:30 of 3rd period - Shot Hit the Post.
3:30 of 3rd period - Puck is out of play.
3:31 of 3rd period - Tyler Johnson wins face-off versus Frans Nielsen in Islanders zone.
3:32 of 3rd period - Snap shot by Filip Forsberg.
3:32 of 3rd period - Shot Hit the Post.
3:40 of 3rd period - Snap shot by Craig Smith.
3:40 of 3rd period - Deflect By Pierre-Edouard Bellemare.
3:40 of 3rd period - Shot Blocked by Alex Pietrangelo.
3:40 of 3rd period - Puck is out of play.
3:41 of 3rd period - Nicklas Backstrom wins face-off versus Frans Nielsen in Blues zone.
4:20 of 3rd period - Snap shot by Craig Smith.
4:20 of 3rd period - Shot Misses the Net.
4:22 of 3rd period - Wrist shot by Frans Nielsen.
4:22 of 3rd period - Deflect By Craig Smith.
4:22 of 3rd period - Stopped by Joonas Korpisalo without a rebound.
4:23 of 3rd period - Anthony Mantha wins face-off versus Evander Kane in Blues zone.
5:11 of 3rd period - Jujhar Khaira is hit by Zac Rinaldo and loses puck.
5:22 of 3rd period - Ryan Ellis is hit by Alex Pietrangelo and loses puck.
7:01 of 3rd period - Icing by Brandon Montour.
7:02 of 3rd period - Joe Thornton wins face-off versus Drew Shore in Blues zone.
7:05 of 3rd period - Wrist shot by Evander Kane.
7:05 of 3rd period - Shot Blocked by Linus Omark.
7:07 of 3rd period - Snap shot by Evander Kane.
7:07 of 3rd period - Shot Blocked by Anthony Mantha.
7:09 of 3rd period - Slapshot by Tomas Kundratek.
7:09 of 3rd period - Shot Blocked by Brandon Montour.
7:11 of 3rd period - Backhand shot by Vladimir Tarasenko.
7:11 of 3rd period - Shot Blocked by Brandon Montour.
7:13 of 3rd period - Snap shot by Evander Kane.
7:13 of 3rd period - Shot Misses the Net.
7:15 of 3rd period - Wrist shot by Tomas Kundratek.
7:15 of 3rd period - Deflect By Evander Kane.
7:15 of 3rd period - Shot Blocked by Ladislav Smid.
7:15 of 3rd period - Puck is out of play.
7:16 of 3rd period - Joe Thornton wins face-off versus Nicklas Backstrom in Blues zone.
7:29 of 3rd period - Snap shot by Filip Forsberg.
7:29 of 3rd period - Goal by Filip Forsberg - Blues : 2 - Islanders : 3.
7:30 of 3rd period - Nicklas Backstrom wins face-off versus Joe Thornton in neutral zone.
7:39 of 3rd period - Wrist shot by Alex Pietrangelo.
7:39 of 3rd period - Stopped by Jonathan Quick with a rebound.
7:41 of 3rd period - Snap shot by Alex Pietrangelo.
7:41 of 3rd period - Stopped by Jonathan Quick without a rebound.
7:42 of 3rd period - Joe Thornton wins face-off versus Nicklas Backstrom in Islanders zone.
7:48 of 3rd period - Minor Penalty to Alex Pietrangelo for Interference.
7:49 of 3rd period - Tyler Johnson wins face-off versus Joe Thornton in Blues zone.
7:58 of 3rd period - Drew Shore is hit by Ryan Ellis and loses puck.
9:38 of 3rd period - Pierre-Edouard Bellemare is hit by Riley Sheahan and loses puck.
9:48 of 3rd period - Penalty to Alex Pietrangelo is over, Alex Pietrangelo is back on ice.
9:53 of 3rd period - Tyler Johnson is hit by Marc-Édouard Vlasic and loses puck.
11:11 of 3rd period - Icing by Brandon Montour.
11:12 of 3rd period - Michael Latta wins face-off versus Anthony Mantha in Blues zone.
11:24 of 3rd period - Minor Penalty to Marc-Édouard Vlasic for Interference.
11:25 of 3rd period - Filip Forsberg wins face-off versus Vladimir Tarasenko in Islanders zone.
11:37 of 3rd period - Snap shot by Evander Kane.
11:37 of 3rd period - Stopped by Joonas Korpisalo without a rebound.
11:38 of 3rd period - Nicklas Backstrom wins face-off versus Vladimir Tarasenko in Blues zone.
11:43 of 3rd period - Evander Kane is hit by Filip Forsberg and loses puck.
11:50 of 3rd period - Slapshot by Jay Bouwmeester.
11:50 of 3rd period - Shot Blocked by Nicklas Backstrom.
11:52 of 3rd period - Slapshot by Vladimir Tarasenko.
11:52 of 3rd period - Shot Blocked by Jacob Slavin.
11:54 of 3rd period - Snap shot by Jay Bouwmeester.
11:54 of 3rd period - Goal by Jay Bouwmeester - Blues : 2 - Islanders : 4.
11:55 of 3rd period - Nicklas Backstrom wins face-off versus Evander Kane in neutral zone.
11:58 of 3rd period - Snap shot by Alex Pietrangelo.
11:58 of 3rd period - Stopped by Jonathan Quick without a rebound.
11:59 of 3rd period - Nicklas Backstrom wins face-off versus Evander Kane in Islanders zone.
12:28 of 3rd period - Snap shot by Nicklas Backstrom.
12:28 of 3rd period - Stopped by Jonathan Quick with a rebound.
12:53 of 3rd period - Off-side.
12:54 of 3rd period - Sergei Plotnikov wins face-off versus Devin Shore in neutral zone.
12:57 of 3rd period - Slapshot by Connor Murphy.
12:57 of 3rd period - Shot Misses the Net.
13:24 of 3rd period - Penalty to Marc-Édouard Vlasic is over, Marc-Édouard Vlasic is back on ice.
13:55 of 3rd period - Snap shot by Ryan Murray.
13:55 of 3rd period - Shot Blocked by Jay Bouwmeester.
14:27 of 3rd period - David Perron is hit by Ryan Ellis and loses puck.
14:44 of 3rd period - Snap shot by Paul Stastny.
14:44 of 3rd period - Deflect By Patrick Kaleta.
14:44 of 3rd period - Stopped by Joonas Korpisalo without a rebound.
14:45 of 3rd period - Nicklas Backstrom wins face-off versus Paul Stastny in Blues zone.
14:52 of 3rd period - Snap shot by Tyler Johnson.
14:52 of 3rd period - Stopped by Jonathan Quick with a rebound.
15:38 of 3rd period - Minor Penalty to Ryan Murray for Tripping.
15:39 of 3rd period - Joe Thornton wins face-off versus Drew Shore in Blues zone.
16:16 of 3rd period - Snap shot by Ryan Ellis.
16:16 of 3rd period - Goal by Ryan Ellis - Blues : 2 - Islanders : 5.
16:17 of 3rd period - Vladimir Tarasenko wins face-off versus Nicklas Backstrom in neutral zone.
16:19 of 3rd period - Off-side.
16:20 of 3rd period - Joe Thornton wins face-off versus Nicklas Backstrom in neutral zone.
18:06 of 3rd period - Backhand shot by Sergei Plotnikov.
18:06 of 3rd period - Deflect By Filip Forsberg.
18:06 of 3rd period - Stopped by Joonas Korpisalo with a rebound.
18:08 of 3rd period - Slapshot by Tomas Kundratek.
18:08 of 3rd period - Shot Misses the Net.
18:10 of 3rd period - Slapshot by Connor Murphy.
18:10 of 3rd period - Shot Blocked by Filip Forsberg.
18:12 of 3rd period - Snap shot by Michael Latta.
18:12 of 3rd period - Shot Misses the Net.
18:30 of 3rd period - Slapshot by Ladislav Smid.
18:30 of 3rd period - Shot Misses the Net.
18:32 of 3rd period - Minor Penalty to Frans Nielsen for Roughing.
18:33 of 3rd period - Nicklas Backstrom wins face-off versus Vladimir Tarasenko in Islanders zone.
18:34 of 3rd period - Snap shot by Tyler Johnson.
18:34 of 3rd period - Shot Misses the Net.
18:40 of 3rd period - Snap shot by Tyler Johnson.
18:40 of 3rd period - Shot Blocked by Marc-Édouard Vlasic.
19:12 of 3rd period - Snap shot by Evander Kane.
19:12 of 3rd period - Shot Blocked by Riley Sheahan.
19:34 of 3rd period - Filip Forsberg is hit by Ryan Ellis and loses puck.
19:57 of 3rd period - Joe Thornton is hit by Alex Pietrangelo and loses puck.
Goals for this period are 1 for Blues vs 3 for Islanders.
Shots for this period are 7 for Blues vs 10 for Islanders.